 Dungeon Crawl Stone Soup version 0.28.0-47-ge53b351184 (webtiles) character file.

Game seed: 2232684152313521277

411 101zpm the Magician (level 7, -6/45 HPs)
             Began as a Djinni Fire Elementalist on May 6, 2022.
             Shot with an arrow by a centaur (8 damage)
             ... on level 5 of the Dungeon.
             The game lasted 00:05:07 (3637 turns).

101zpm the Magician (Djinni Fire Elementalist)      Turns: 3637, Time: 00:05:08

Health: -6/45      AC:  2    Str:  7    XL:     7   Next: 14%
Gold:   81         EV: 12    Int: 18    God:
                   SH:  0    Dex: 14

rFire   + + .      SeeInvis .   (no weapon)
rCold   x . .      Faith    .   (no shield)
rNeg    + . .      Spirit   .   a - +0 robe
rPois   ∞          Reflect  .   (no helmet)
rElec   .          Harm     .   (no cloak)
rCorr   .          Rampage  .   (no gloves)
Will    .....                   (boots unavailable)
Stlth   ++........              (no amulet)
HPRegen 0.15/turn               b - ring of positive energy
MPRegen 0.00/turn               (no ring)

@: flying
A: sickness immunity, fire resistance 2, cold vulnerability 1, float, innate
caster, HP casting, extra vitality 1
a: no special abilities


You were on level 5 of the Dungeon.
You visited 1 branch of the dungeon, and saw 5 of its levels.

You collected 81 gold pieces.

Inventory:

Armour
 a - a +0 robe (worn)
Jewellery
 b - a ring of positive energy (left hand)
Scrolls
 c - a scroll of fog {unknown}
 d - 3 scrolls of blinking {unknown}
 f - a scroll of enchant weapon {unknown}
 h - 3 scrolls of teleportation {unknown}
 j - 2 scrolls of identify {unknown}
 l - 3 scrolls of magic mapping {unknown}
Potions
 e - a potion of flight {unknown}
 g - 2 potions of heal wounds {unknown}
 i - a potion of mutation {unknown}
 k - a potion of berserk rage {unknown}


   Skills:
 + Level 2.5 Dodging
 + Level 2.1 Stealth
 + Level 5.6 Spellcasting


You couldn't memorise any spells.
You knew the following spells:

 Your Spells              Type           Power      Damage    Failure   Level
a - Foxfire               Conj/Fire      100%       2x1d9     1%          1
b - Scorch                Fire           50%        2d7       1%          2
c - Conjure Flame         Conj/Fire      25%        6-21      3%          3
d - Inner Flame           Hex/Fire       25%        N/A       3%          3
e - Flame Wave            Conj/Fire      25%        2d7       12%         4
f - Apportation           Tloc           50%        N/A       1%          1
g - Static Discharge      Conj/Air       25%        N/A       1%          2
h - Call Imp              Summ           25%        N/A       1%          2
Your spell library was empty.

Dungeon Overview and Level Annotations

Branches:
Dungeon (5/15)             Temple (0/1) D:5

Altars:
Elyvilon
Uskayaw

Portals:
Abyss: D:4

Annotations:
D:3 3 runed translucent doors, Name63's ghost, weakling FeTm
D:4 2 transporters, kalagan's ghost, amateur DjCj


Innate Abilities, Weirdness & Mutations

You are immune to sickness and miasma.
You are immune to poison.
Your flesh is very heat resistant. (rF++)
You are vulnerable to cold. (rC-)
You float through the air rather than walking.
You learn spells naturally, not from books.
Your magical power is your life essence.
You have superior vitality. (+4 MHP)


Message History

Casting: Foxfire (safe; 1% risk of failure)
Confirm with . or Enter, or press ? or * to list all spells.
Flames lash the gnoll.
The gnoll is severely wounded.
The gnoll's fire resistance burns away.
The foxfire hits the gnoll but does no damage.
The gnoll is severely wounded.
The gnoll closely misses you.
Casting: Scorch (safe; 1% risk of failure)
Confirm with . or Enter, or press ? or * to list all spells.
Flames lash the gnoll.
The gnoll is burned terribly!
You kill the gnoll!
You are too injured to fight recklessly!
Your foxfire dissipates!
A centaur comes into view.
You conjure some foxfire!
The centaur shouts!
You conjure some foxfire!
The foxfire hits the centaur.
The centaur is lightly wounded.
The centaur wields a +0 shortbow.
The centaur shoots an arrow.
The arrow hits you!
* * * LOW HITPOINT WARNING * * *
You are too injured to fight recklessly!
You are too injured to fight recklessly!
Casting: Foxfire (safe; 1% risk of failure)
Press: ? - help, Q - select action, (/) - cycle Dir - look around, f - activate You conjure some foxfire!
* * * LOW HITPOINT WARNING * * *
Casting: Foxfire (safe; 1% risk of failure)
Confirm with . or Enter, or press ? or * to list all spells.
Flames lash the centaur.
The centaur is heavily wounded.
The centaur's fire resistance burns away.
* * * LOW HITPOINT WARNING * * *
The foxfire hits the centaur.
The centaur is burned terribly!
The centaur is severely wounded.
The centaur shoots an arrow.
The arrow hits you!
* * * LOW HITPOINT WARNING * * *
The centaur shoots an arrow.
The arrow hits you!
You die...

.# .# ##.# #..
#c. #)# #§#
#@#### #vv..#
#.##.# #.##.#
#.##.# #.##.#
#.##.#
####.##.######
#(.>.........#


You could see a centaur (combustible, ally target).

Vanquished Creatures
  A necrophage (D:4)
  A howler monkey (D:5)
  2 orc priests
  A hound (D:4)
  2 iguanas
  2 orc wizards
  2 gnolls (D:5)
  5 adders
  An ufetubus (D:4)
  8 orcs
  A ball python (D:3)
  2 bats
  An endoplasm (D:2)
  2 giant cockroaches
  2 goblins (D:2)
  4 hobgoblins
  A kobold (D:3)
  3 rats
41 creatures vanquished.

Vanquished Creatures (others)
  264 foxfires
264 creatures vanquished.

Grand Total: 305 creatures vanquished

Notes
Turn   | Place    | Note
-------+----------+-------------------------------------------
     0 | D:1      | 101zpm the Djinni Fire Elementalist began the quest for the
                  | Orb.
     0 | D:1      | Reached XP level 1. HP: 15/15 MP: 0/0
   649 | D:2      | Reached XP level 2. HP: 18/21 MP: 0/0
   884 | D:3      | Reached skill level 3 in Spellcasting
   999 | D:3      | Reached XP level 3. HP: 22/25 MP: 0/0
   999 | D:3      | Learned a level 1 spell: Apportation
  1491 | D:3      | Noticed Name63's ghost (weakling FeTm)
  1544 | D:3      | Found a hide-covered altar of Uskayaw.
  1598 | D:3      | Found a runed translucent gate.
  1600 | D:3      | Found a runed translucent gate.
  1601 | D:3      | Found a runed translucent gate.
  1743 | D:4      | Reached XP level 4. HP: 17/31 MP: 0/0
  1833 | D:4      | Reached skill level 4 in Spellcasting
  1833 | D:4      | Reached XP level 5. HP: 11/35 MP: 0/0
  1833 | D:4      | Learned a level 2 spell: Static Discharge
  2185 | D:4      | Found a transporter.
  2192 | D:4      | Noticed a toenail golem
  2207 | D:4      | Found a one-way gate to the infinite horrors of the Abyss.
  2207 | D:4      | Noticed kalagan's ghost (amateur DjCj)
  2210 | D:4      | Noticed a small abomination
  2214 | D:4      | Found a transporter.
  2214 | D:4      | Noticed a small abomination
  2521 | D:4      | Noticed a necrophage
  2529 | D:4      | Killed a necrophage
  2530 | D:4      | Reached XP level 6. HP: 31/40 MP: 0/0
  2619 | D:4      | Found a white marble altar of Elyvilon.
  3190 | D:5      | Entered Level 5 of the Dungeon
  3264 | D:5      | Reached skill level 5 in Spellcasting
  3373 | D:5      | Found a staircase to the Ecumenical Temple.
  3539 | D:5      | Reached XP level 7. HP: 30/45 MP: 0/0
  3539 | D:5      | Learned a level 2 spell: Call Imp
  3637 | D:5      | HP: 2/45 [centaur/arrow (8)]
  3637 | D:5      | Shot with an arrow by a centaur

Illustrated notes

Levels and vault maps discovered:
D:1:      dpeg_arrival_pits, layout_loops_ring
D:2:      layout_loops_corners, hellmonk_ecumenical_altar_heavens_door,
          feat_on_display
D:3:      layout_rooms, nicolae_uskayaw_dance_hall, gammafunk_ghost_icy
D:4:      layout_loops_ring, elyvilon_altar_4, serial_glass, glass_columns_b,
          glass_columns_a, gammafunk_ghost_abyssal_escape
D:5:      layout_loops_ring, minmay_temple_entry_nine_rooms,
          nicolae_ossuary_entry_false_entrances, minmay_misc_feat_more_columns

Skill      XL: |  1  2  3  4  5  6 |
---------------+-------------------+-----
Spellcasting   | 3 4 5 |  5.6
Stealth        | 2 |  2.1
Dodging        | |  2.5

Action                   |  1- 3 |  4- 6 |  7- 9 || total
-------------------------+-------+-------+-------++-------
 Cast: Foxfire           |    80 |    85 |     8 ||   173
       Scorch            |     4 |    29 |     6 ||    39
Dodge: Dodged            |     1 |     4 |     1 ||     6
